 Dungeon Crawl Stone Soup version 0.28.0 (webtiles) character file.

Game seed: 7986544397891309303

295 cbfl8 the Sneak (level 6, -1/53 HPs)
             Began as a Minotaur Delver on Feb 7, 2022.
             Slain by Joseph (9 damage)
             ... on level 7 of the Dungeon.
             The game lasted 00:03:10 (1799 turns).

cbfl8 the Sneak (Minotaur Delver)                   Turns: 1799, Time: 00:03:11

Health: -1/53      AC: 13    Str: 18    XL:     6   Next: 11%
Magic:  5/5        EV:  6    Int:  7    God:
Gold:   15         SH:  0    Dex: 12    Spells: 5/5 levels left

rFire   . . .      SeeInvis .   i - +3 quarterstaff (chaos)
rCold   . . .      Faith    .   (shield currently unavailable)
rNeg    . . .      Spirit   .   f - +0 plate armour
rPois   .          Reflect  .   (helmet restricted)
rElec   .          Harm     .   j - +0 cloak
rCorr   .          Rampage  .   (no gloves)
Will    .....                   e - +0 pair of boots
Stlth   ..........              (no amulet)
HPRegen 0.17/turn               (no ring)
MPRegen 0.09/turn               (no ring)

@: no status effects
A: horns 2, retaliatory headbutt
a: no special abilities


You were on level 7 of the Dungeon.
You visited 1 branch of the dungeon, and saw 4 of its levels.

You collected 15 gold pieces.

Inventory:

Hand Weapons
 a - a +0 hand axe
 i - a +3 quarterstaff of chaos (weapon)
Armour
 b - a +0 leather armour
 e - a +0 pair of boots (worn)
 f - a +0 plate armour (worn)
 j - a +0 cloak (worn)
Wands
 g - a wand of digging (3)
Scrolls
 c - a scroll of fog
 h - a scroll of teleportation
Potions
 d - a potion of curing {unknown}


   Skills:
 + Level 4.4 Fighting
 + Level 3.4 Axes
 + Level 1.3 Staves
 + Level 3.4 Armour
 + Level 2.7 Dodging
 + Level 5.4 Stealth


You had 5 spell levels left.
You didn't know any spells.
Your spell library contained the following spells:

 Spells                   Type           Power      Damage    Failure   Level
 Summon Small Mammal      Summ           0%         N/A       100%        1
 Call Canine Familiar     Summ           0%         N/A       100%        3
 Summon Guardian Golem    Hex/Summ       0%         N/A       100%        3


Dungeon Overview and Level Annotations

Branches:
Dungeon (7/15)             Temple (0/1) D:5

Altars:

Annotations:
D:4 Pikel
D:7 Joseph


Innate Abilities, Weirdness & Mutations

You have a pair of horns on your head.
You reflexively headbutt those who attack you in melee.


Message History

You add the spells Summon Small Mammal, Call Canine Familiar and Summon Guardian Golem to your library.
Okay, then.
There is a stone staircase leading up here.
There is a stone staircase leading up here.
There is a stone staircase leading up here.
Found 19 bolts.
A water moccasin comes into view.
The water moccasin hisses angrily.
The water moccasin bites you.
You sock the water moccasin! You burn the water moccasin.
The water moccasin is heavily wounded.
The water moccasin closely misses you. You furiously retaliate!
You headbutt the water moccasin. The water moccasin closely misses you.
You furiously retaliate!
You headbutt the water moccasin. You sock the water moccasin!
You burn the water moccasin.
You kill the water moccasin!
Your life force feels restored.
Your Staves skill increases to level 1!
Your Armour skill increases to level 3!
You have reached level 6!
You start resting.
HP restored.
You see here a water moccasin corpse.
Found a gold wand.
You see here 19 bolts.
Joseph, a Mercenary comes into view.
He is wielding a +0 quarterstaff.
Joseph shouts!
You see here 19 bolts.
Joseph unwields a +0 quarterstaff.
Joseph wields a +0 hunting sling.
Joseph shoots a sling bullet.
The sling bullet hits you.
Joseph shoots a sling bullet.
The sling bullet hits you.
Joseph shoots a sling bullet.
The sling bullet hits you!
Joseph shoots a sling bullet.
The sling bullet hits you!!
Joseph shoots a sling bullet.
The sling bullet hits you.
Joseph shoots a sling bullet.
The sling bullet hits you but does no damage.
Joseph shoots a sling bullet.
The sling bullet hits you!
* * * LOW HITPOINT WARNING * * *
Joseph unwields a +0 hunting sling.
Joseph wields a +0 quarterstaff.
Joseph hits you with a +0 quarterstaff!
You die...

........#.....#
.##......†...+
#.....#.#...+
........###..##
...##....#...##
### ##........#
#....#....#
#...##....#
#.......@##
......#.@##
......#...#
.............@.
...#...........
.###.../.##..#.
..##.... .##
... ....## #
##. .....


You could see Joseph.

Vanquished Creatures
  A water moccasin (D:7)
  A bullfrog (D:6)
  2 hounds
  Crazy Yiuf (D:6)
  An orc wizard (D:6)
  A white imp (D:6)
  3 orcs (D:6)
  A quokka (D:5)
11 creatures vanquished.

Notes
Turn   | Place    | Note
-------+----------+-------------------------------------------
     0 | D:5      | cbfl8 the Minotaur Delver began the quest for the Orb.
     0 | D:5      | Reached XP level 1. HP: 19/19 MP: 0/0
     3 | D:5      | Noticed a hound
    10 | D:5      | Killed a hound
    11 | D:5      | Reached XP level 2. HP: 16/27 MP: 1/1
    14 | D:4      | Noticed Pikel
    14 | D:4      | Noticed a lemure
    14 | D:4      | Noticed a lemure
    14 | D:4      | Noticed a lemure
    14 | D:4      | Noticed a lemure
    20 | D:5      | HP: 1/27 [lemure[Pikel] (4)]
    21 | D:5      | Reached XP level 3. HP: 1/33 MP: 2/2
   532 | D:6      | Reached skill level 5 in Stealth
   697 | D:6      | Noticed a bullfrog
  1088 | D:6      | Found a runed translucent door.
  1089 | D:6      | Noticed Crazy Yiuf
  1098 | D:6      | Killed Crazy Yiuf
  1099 | D:6      | Reached skill level 1 in Armour
  1099 | D:6      | Reached XP level 4. HP: 23/40 MP: 3/3
  1445 | D:6      | Killed a bullfrog
  1446 | D:6      | Reached XP level 5. HP: 29/46 MP: 4/4
  1667 | D:6      | Noticed an ice beast
  1697 | D:7      | Noticed a water moccasin
  1703 | D:7      | Killed a water moccasin
  1704 | D:7      | Reached skill level 1 in Staves
  1704 | D:7      | Reached XP level 6. HP: 41/53 MP: 5/5
  1785 | D:7      | Noticed Joseph
  1799 | D:7      | Slain by Joseph

Illustrated notes

Levels and vault maps discovered:
D:4:      layout_basic, uniq_pikel
D:5:      layout_cave_pools, minmay_temple_entry_sparse_star,
          portal_sewer_entry_e
D:6:      layout_loops_ring, uniq_duvessa, uniq_crazy_yiuf_cottage
D:7:      layout_cave_pools, dk_vineyard_1, kennysheep_dice, uniq_joseph

Skill      XL: |  1  2  3  4  5 |
---------------+----------------+-----
Fighting       | 4 |  4.4
Stealth        | 5 |  5.4
Axes           | 3 |  3.4
Armour         | 1 2 3 |  3.4
Staves         | 1 |  1.3
Dodging        | |  2.7

Action                   |  1- 3 |  4- 6 || total
-------------------------+-------+-------++-------
Melee: Hand axe          |    27 |       ||    27
       Headbutt          |     2 |     2 ||     4
       Quarterstaff      |       |    17 ||    17
  Use: Scroll            |     2 |     1 ||     3
       Potion            |     1 |       ||     1
Armor: Leather armour    |     3 |       ||     3
       Plate armour      |     1 |    20 ||    21
Dodge: Dodged            |    20 |     7 ||    27
